 Dungeon Crawl Stone Soup version 0.26-a0-833-g7262b39652 (webtiles) character file.

Game seed: 589341213255377684

63 Descartes the Covert (level 3, -3/17 HPs)
             Began as a Felid Delver on Nov 16, 2020.
             Killed from afar by an orc wizard (11 damage)
             ... with a magic dart
             ... on level 4 of the Dungeon.
             The game lasted 00:01:13 (217 turns).

Descartes the Covert (Felid Delver)                  Turns: 217, Time: 00:01:13

Health: -3/17      AC:  1    Str:  9    XL:     3   Next: 87%
Magic:  4/4        EV: 18    Int: 11    God:
Gold:   0          SH:  0    Dex: 17    Spells: 2/2 levels left
                                        Lives:  0   Deaths: 1

rFire    . . .     SeeInvis +     - Unarmed
rCold    . . .     Faith    .   (shield unavailable)
rNeg     . . .     Spirit   .   (armour unavailable)
rPois    .         Reflect  .   (helmet unavailable)
rElec    .         Harm     .   (cloak unavailable)
rCorr    .         Rampage  .   (gloves unavailable)
MR       .....                  (boots unavailable)
Stlth    +++++.....             (no amulet)
HPRegen  0.05/turn              (no ring)
MPRegen  0.09/turn              (no ring)

@: quick
A: very small, no armour, no weapons or thrown items, stealth, claws 1, fangs 3,
see invisible, speed 1, shaggy fur 1, sharp paws
a: no special abilities


You were on level 4 of the Dungeon.
You visited 1 branch of the dungeon, and saw 2 of its levels.

Inventory:

Wands
 e - a wand of digging (3)
Scrolls
 a - a scroll of fog
 b - a scroll of magic mapping
 c - a scroll of fear
 f - a scroll of remove curse {unknown}
 h - a scroll of noise {unknown}
Potions
 g - a potion of degeneration {unknown}


   Skills:
 - Level 3.0 Fighting
 - Level 2.6 Dodging
 + Level 9.5 Stealth
 - Level 2.0 Unarmed Combat


You had 2 spell levels left.
You didn't know any spells.
Your spell library was empty.

Dungeon Overview and Level Annotations

Branches:
Dungeon (5/15)
 Temple: D:4-7

Altars:
Cheibriados


Innate Abilities, Weirdness & Mutations

You cannot wear armour.
You are incapable of wielding weapons or throwing items.
Your paws allow you to move quietly. (Stealth)
You have sharp claws.
You have razor-sharp teeth.
You have supernaturally acute eyesight. (SInv)
You cover ground quickly.
You are covered in fur. (AC +1)
Your sharp claws are effective at attacking unaware monsters.


Message History

You bump into the rock wall.
A nearby plant withers and dies.
An orc comes into view. It is wielding a +0 mace.
The orc wizard hits you with a +0 dagger.
You bump into the rock wall.
The orc wizard hits you with a +0 dagger.
An orc comes into view. It is wielding a +0 club.
An orc comes into view.
The orc shouts!
The orc moves out of view.
The orc wizard casts a spell at you. You resist with some effort.
You bump into the rock wall.
You bump into the rock wall.
You feel less confused.
You see here 12 stones.
Unknown command.
The orc wizard gestures at you while chanting.
The magic dart hits you!
Ouch! That really hurt!
You die...

##### ##...##
#.....# ####.###
#.##...######
##..(o...#...##
#.oo..o.......#
##o#....##@....#
##.###..........#
#o..###.....(.### .
#..###........# ..
###..o##.......##
...#.....#.........
.P.........##......
##.######...#.......
#. .....


You could see an orc wizard and 3 orcs.

Vanquished Creatures
  A sky beast (D:5)
  3 adders (D:5)
  An adder skeleton (D:5)
  A leopard gecko (D:5)
6 creatures vanquished.

Vanquished Creatures (others)
  A plant (D:4)
1 creature vanquished.

Grand Total: 7 creatures vanquished

Notes
Turn   | Place    | Note
-------+----------+-------------------------------------------
     0 | D:5      | Descartes the Felid Delver began the quest for the Orb.
     0 | D:5      | Reached XP level 1. HP: 10/10 MP: 2/2
    35 | D:5      | Reached skill level 7 in Stealth
    35 | D:5      | Reached XP level 2. HP: 14/14 MP: 3/3
   112 | D:5      | Reached skill level 8 in Stealth
   112 | D:5      | Reached XP level 3. HP: 17/17 MP: 4/4
   156 | D:5      | Noticed a sky beast
   157 | D:5      | Found a snail-covered altar of Cheibriados.
   159 | D:5      | Killed a sky beast
   160 | D:5      | Reached skill level 9 in Stealth
   160 | D:5      | Reached XP level 4. HP: 21/21 MP: 5/5
   178 | D:4      | Slain by a hound
   179 | D:4      | Reached XP level 3. HP: -1/17 MP: 4/4
   217 | D:4      | Killed from afar by an orc wizard

Illustrated notes

Levels and vault maps discovered:
D:4:      layout_cave_pools, minmay_temple_entry_gardened_gates, uniq_eustachio,
          uniq_grinder, uniq_crazy_yiuf_cottage
D:5:      layout_loops_ring, minmay_ruined_shrine, uniq_duvessa

Skill      XL: |  1  2  3 |
---------------+----------+-----
Stealth        | 7 8 9 |  9.5
Fighting       | |  3.0
Dodging        | |  2.6
Unarmed Combat | |  2.0

Action                   |  1- 3 |  4- 6 || total
-------------------------+-------+-------++-------
Melee: Unarmed           |     8 |     6 ||    14
       Bite              |       |     2 ||     2
       Punch             |       |     1 ||     1
  Use: Potion            |       |     1 ||     1
 Stab: Sleeping          |     6 |       ||     6
Armor: Skin              |       |     1 ||     1
Dodge: Dodged            |       |     6 ||     6

Table legend: (Time is in decaauts)
 A = Elapsed time spent in this place.
 B = Non-inter-level travel time spent in this place.
 C = Inter-level travel time spent in this place.
 D = Time resting spent in this place.
 E = Time spent auto-exploring this place.
 F = Levels seen in this place.
 G = Mean time per level.
                   A        B        C        D        E       F      G
               +--------+--------+--------+--------+--------+-----+--------+
         Total |    177 |    177 |      0 |      0 |    108 |   2 |   88.5 |
       Dungeon |    177 |    177 |      0 |      0 |    108 |   2 |   88.5 |
               +--------+--------+--------+--------+--------+-----+--------+

Top non-repeatable levels by time:
     D:5: 138 daAuts
     D:4: 38 daAuts
